 Dungeon Crawl Stone Soup version 0.29-a0-911-g88e6f02907 (webtiles) character file.

Game seed: 1897689023087131174

12215 leavemydog the Cleaver (level 11, -18/102 HPs)
             Began as a Minotaur Fighter on July 25, 2022.
             Was a High Priest of Okawaru.
             Demolished by an orc knight
             ... wielding a +2 battleaxe of flaming
              (26 damage)
             ... on level 9 of the Dungeon.
             The game lasted 00:25:53 (12581 turns).

leavemydog the Cleaver (Minotaur Fighter)          Turns: 12581, Time: 00:25:54

Health: -18/102    AC: 11    Str: 23    XL:     11   Next: 59%
Magic:  13/13      EV: 14    Int:  7    God:    Okawaru [*****.]
Gold:   572        SH:  5    Dex: 10    Spells: 14/14 levels left

rFire   . . .      SeeInvis .   i - +5 hand axe (freeze)
rCold   . . .      Faith    .   c - +0 buckler
rNeg    . . .      Spirit   .   b - +0 swamp dragon scales
rPois   +          Reflect  .   h - +0 hat
rElec   .          Harm     .   C - scarf {repulsion}
rCorr   +          Rampage  .   (no gloves)
Will    .....                   l - +0 pair of boots
Stlth   ..........              w - amulet of the acrobat
HPRegen 0.27/turn               e - +4 ring of evasion
MPRegen 0.13/turn               K - ring of resist corrosion

@: mighty, about to teleport, repel missiles
A: horns 2, retaliatory headbutt
a: Renounce Religion, Heroism, Finesse, Duel


You were on level 9 of the Dungeon.
You worshipped Okawaru.
Okawaru was extremely pleased with you.
You visited 2 branches of the dungeon, and saw 11 of its levels.

You collected 572 gold pieces.

Inventory:

Hand Weapons
 f - a +4 battleaxe
 i - a +5 hand axe of freezing (weapon)
 F - a +3 halberd of protection
Missiles
 O - a curare-tipped dart (quivered)
Armour
 b - +0 swamp dragon scales (worn)
 c - a +0 buckler (worn)
 h - a +0 hat (worn)
 l - a +0 pair of boots (worn)
 C - a scarf of repulsion (worn)
Jewellery
 e - a +4 ring of evasion (left hand)
 g - an amulet of reflection
 w - an amulet of the acrobat (around neck)
 K - a ring of resist corrosion (right hand)
Wands
 o - a wand of iceblast (8)
 p - a wand of flame (58)
 E - a wand of polymorph (8)
 P - a wand of digging (4)
Scrolls
 j - a scroll of torment {unknown}
 m - a scroll of amnesia {unknown}
 q - 2 scrolls of blinking {unknown}
 s - 2 scrolls of magic mapping {unknown}
 u - 2 scrolls of noise {unknown}
 v - 3 scrolls of fear {unknown}
 y - a scroll of immolation
 z - a scroll of enchant armour {unknown}
 A - a scroll of silence {unknown}
 H - a scroll of fog {unknown}
 I - a scroll of enchant weapon {unknown}
 M - a scroll of poison {unknown}
 N - a scroll of vulnerability {unknown}
Potions
 a - a potion of berserk rage {unknown}
 d - 2 potions of might
 k - a potion of resistance
 n - 3 potions of attraction
 t - 4 potions of flight
 x - 2 potions of mutation
 B - 2 potions of brilliance
 D - 2 potions of lignification {unknown}
 G - 3 potions of haste {unknown}
 J - a potion of degeneration {unknown}
 L - a potion of curing


   Skills:
 + Level 11.3 Fighting
 + Level 14.3 Axes
 + Level 10.7 Armour
 - Level 0.1 Dodging
 + Level 7.7 Shields
 - Level 2.0 Spellcasting
 * Level 2.6 Invocations
 - Level 1.4 Evocations


You had 14 spell levels left.
You didn't know any spells.
Your spell library contained the following spells:

 Spells                   Type           Power      Damage    Failure   Level
 Conjure Flame            Conj/Fire      0%         6-21      90%         3
 Dazzling Flash           Conj/Hex       0%         N/A       90%         3
 Gell's Gravitas          Tloc           0%         N/A       90%         3
 Ignite Poison            Fire/Tmut/Pois 0%         N/A       90%         3
 Teleport Other           Tloc           0%         N/A       90%         3
 Iskenderun's Mystic Bla  Conj/Tloc      0%         2d3       100%        4
 Leda's Liquefaction      Hex/Erth       0%         N/A       100%        4
 Sticky Flame             Conj/Fire      0%         2d3       100%        4
 Iskenderun's Battlesphe  Conj           0%         2d6       100%        5
 Lee's Rapid Deconstruct  Erth           0%         3d5*      100%        5
 Dispersal                Tloc           0%         N/A       100%        6
 Iron Shot                Conj/Erth      0%         9d1       100%        6
 Starburst                Conj/Fire      0%         6d3       100%        6
 Statue Form              Tmut/Erth      0%         N/A       100%        6
 Spellforged Servitor     Conj/Summ      Unusable   N/A       N/A         7

Dungeon Overview and Level Annotations

Branches:
Dungeon (10/15)            Temple (1/1) D:7            Lair (0/5) D:9
    Orc (0/2) D:10

Altars:
Ashenzari
Cheibriados
Dithmenos
Elyvilon
Fedhas
Gozag
Hepliaklqana
Kikubaaqudgha
Makhleb
Nemelex Xobeh
Okawaru
Qazlal
Ru
Sif Muna
Trog
Uskayaw
Vehumet
Wu Jian
Xom
Yredelemnul
Zin
The Shining One

Shops:
D:6 *

Annotations:
D:6 1 runed translucent door, wilfster70's ghost, novice DrIE


Innate Abilities, Weirdness & Mutations

You have a pair of horns on your head.
You reflexively headbutt those who attack you in melee.


Message History

The orc warrior shoots a bolt.
You block the bolt.
You feel better. The acid dragon spits acid at you.
The splash of acid is repelled.
The orc knight attacks as you move away!
You block the orc knight's attack.
The orc warrior attacks as you move away!
The orc warrior unwields a +0 arbalest.
The orc warrior wields a +0 hand axe.
The orc warrior barely misses you.
The orc knight attacks as you move away!
The orc knight barely misses you. The acid dragon misses you.
You block the acid dragon's attack.
Things that are here:
a +0 leather armour; a +0 trident The orc knight attacks as you move away!
The orc knight misses you.
The orc no longer looks unusually strong.
Things that are here:
a +0 plate armour; a +0 battleaxe; an orc skeleton The acid dragon attacks as you move away!
The acid dragon barely misses you. You furiously retaliate!
You headbutt the acid dragon. The acid dragon completely misses you.
The orc knight no longer looks unusually strong.
Items here: ) ÷÷÷.
The orc knight attacks as you move away!
The orc knight hits you with a +2 battleaxe of flaming!
* * * LOW HITPOINT WARNING * * *
The orc knight burns you.
* * * LOW HITPOINT WARNING * * *
There is a stone staircase leading up, spattered with blood here.
The acid dragon spits acid at you.
The splash of acid is repelled.
You hear a shout!
You climb upwards.
There is a stone staircase leading down here.
As you read the scroll of teleportation, it crumbles to dust.
You feel strangely unstable. The acid dragon barely misses you.
The acid dragon completely misses you.
The orc knight hits you with a +2 battleaxe of flaming!!
You die...

######
#################....##
#..........#...........
#......................
#......................
#.....D........P.......
#.....@.......P........
#....o.................
###..............P.....
#..............P.P>.P
#............P.P.....
###......#.....PP....
####.########...P♣P...
#....## #.......P.
#.....## ##.......♣


You could see an orc knight and an acid dragon.

Vanquished Creatures
  Erica (D:9)
  2 two-headed ogres
  Amaemon (D:8)
  An orc knight (D:10)
  Pikel (D:9)
  A cyclops (D:8)
  An orange demon (D:8)
  Maggie (D:6)
  Psyche (D:8)
  A hornet (D:10)
  Prince Ribbit (D:8)
  Grinder (D:2)
  Sigmund (D:3)
  12 yaks
  2 basilisks (D:9)
  2 wyverns
  A steam dragon (D:7)
  Grum (D:9)
  Menkaure (D:6)
  An acid dragon (D:10)
  3 water moccasins
  A sky beast (D:7)
  A black bear (D:7)
  2 ice beasts (D:7)
  7 orc warriors
  2 wolves
  2 ogres (D:5)
  2 centaurs
  3 lemures
  A phantom (D:6)
  3 kobold brigands
  3 bullfrogs
  4 scorpions
  7 wights
  3 killer bees (D:8)
  6 howler monkeys
  2 hounds (D:5)
  A jelly (D:6)
  7 orc priests
  Crazy Yiuf (D:2)
  A gnoll bouda (D:6)
  Ijyb (D:3)
  4 iguanas
  9 orc wizards
  Terence (D:3)
  Robin (D:2)
  6 gnolls
  9 adders
  A shadow imp (D:5)
  2 white imps
  An ufetubus (D:5)
  A worm (D:2)
  4 dart slugs
  36 orcs
  7 ball pythons
  3 bats
  11 endoplasms
  2 giant cockroaches
  18 goblins
  8 hobgoblins
  10 jackals
  23 kobolds
  5 quokkas
  2 frilled lizards
  5 rats
266 creatures vanquished.

Vanquished Creatures (others)
  An orc (D:9)
  A kobold (D:9)
  3 fungi (D:9)
  11 plants (D:9)
16 creatures vanquished.

Grand Total: 282 creatures vanquished

Notes
Turn   | Place    | Note
-------+----------+-------------------------------------------
     0 | D:1      | leavemydog the Minotaur Fighter began the quest for the
                  | Orb.
     0 | D:1      | Reached XP level 1. HP: 19/19 MP: 0/0
   252 | D:1      | Reached XP level 2. HP: 24/27 MP: 1/1
   414 | D:1      | Found a faded altar of an unknown god.
   803 | D:2      | Reached XP level 3. HP: 33/33 MP: 2/2
   941 | D:2      | Reached skill level 3 in Axes
  1201 | D:2      | Reached XP level 4. HP: 41/41 MP: 3/3
  1453 | D:2      | Reached skill level 4 in Axes
  1504 | D:2      | Noticed Robin
  1589 | D:2      | Killed Robin
  1708 | D:2      | Found a runed translucent door.
  1709 | D:2      | Noticed Crazy Yiuf
  1718 | D:2      | Killed Crazy Yiuf
  1719 | D:2      | Reached XP level 5. HP: 40/47 MP: 4/4
  2093 | D:3      | Noticed Sigmund
  2093 | D:3      | Noticed Grinder
  2094 | D:3      | Paralysed by Grinder for 4 turns
  2227 | D:2      | Killed Grinder
  2228 | D:2      | Reached skill level 6 in Axes
  2228 | D:2      | Reached XP level 6. HP: 28/55 MP: 5/5
  2402 | D:3      | Noticed Ijyb
  2406 | D:3      | Killed Ijyb
  2429 | D:3      | Noticed Terence
  2596 | D:3      | Found a broken altar of Ashenzari.
  2616 | D:3      | Found an ancient bone altar of Kikubaaqudgha.
  2634 | D:3      | Killed Sigmund
  2635 | D:3      | Reached skill level 5 in Fighting
  2635 | D:3      | Reached skill level 7 in Axes
  2635 | D:3      | Reached skill level 5 in Armour
  2635 | D:3      | Reached XP level 7. HP: 57/61 MP: 6/6
  2658 | D:3      | Killed Terence
  2991 | D:3      | Found a snail-covered altar of Cheibriados.
  3920 | D:5      | Entered Level 5 of the Dungeon
  4040 | D:5      | Reached skill level 8 in Axes
  4736 | D:5      | Found a glowing silver altar of Zin.
  5132 | D:5      | Found a glowing golden altar of the Shining One.
  5132 | D:5      | Found a sparkling altar of Nemelex Xobeh.
  5133 | D:5      | Found a shimmering altar of Xom.
  5349 | D:6      | Reached skill level 5 in Shields
  5349 | D:6      | Reached XP level 8. HP: 66/69 MP: 7/7
  5362 | D:6      | Reached skill level 9 in Axes
  5736 | D:6      | Found a runed translucent door.
  5737 | D:6      | Noticed wilfster70's ghost (novice DrIE)
  5817 | D:6      | Noticed Maggie
  5852 | D:6      | Killed Maggie
  5853 | D:6      | Reached skill level 10 in Axes
  5853 | D:6      | Reached skill level 1 in Evocations
  6077 | D:6      | Noticed Menkaure
  6087 | D:6      | Killed Menkaure
  6339 | D:6      | Found Idumefu's General Store.
  6667 | D:7      | Found a staircase to the Ecumenical Temple.
  6694 | Temple   | Entered the Ecumenical Temple
  6698 | Temple   | Became a worshipper of Warmaster Okawaru
  6839 | D:7      | Reached skill level 11 in Axes
  6839 | D:7      | Reached XP level 9. HP: 61/75 MP: 8/8
  7349 | D:7      | Found a white marble altar of Elyvilon.
  7370 | D:7      | Reached * piety under Okawaru
  7371 | D:7      | Reached skill level 12 in Axes
  7485 | D:7      | Found an opulent altar of Gozag.
  8126 | D:8      | Reached skill level 13 in Axes
  8192 | D:8      | Noticed Psyche
  8203 | D:8      | Killed Psyche
  8203 | D:8      | Reached ** piety under Okawaru
  8269 | D:8      | Noticed Prince Ribbit
  8275 | D:8      | Killed Prince Ribbit
  8342 | D:8      | Noticed Amaemon
  8342 | D:8      | Noticed an orange demon
  8357 | D:8      | HP: 2/79 [poisoned by Amaemon]
  8675 | D:8      | Killed an orange demon
  8676 | D:8      | Reached XP level 10. HP: 86/86 MP: 9/9
  8679 | D:8      | Killed Amaemon
  8679 | D:8      | Reached *** piety under Okawaru
  8680 | D:8      | Reached skill level 14 in Axes
  8681 | D:8      | Noticed a two-headed ogre
  8982 | D:8      | Killed a two-headed ogre
  9761 | D:9      | Found a staircase to the Lair.
  9773 | D:9      | Reached **** piety under Okawaru
  9786 | D:9      | Reached skill level 1 in Spellcasting
 10318 | D:9      | Noticed Pikel
 10323 | D:9      | Noticed a cyclops
 10468 | D:8      | Killed a cyclops
 10474 | D:8      | Reached skill level 10 in Fighting
 10474 | D:8      | Reached XP level 11. HP: 53/99 MP: 12/12
 10676 | D:9      | Killed Pikel
 10677 | D:9      | Noticed a two-headed ogre
 10756 | D:8      | Reached skill level 10 in Armour
 10872 | D:9      | Noticed Grum
 11112 | D:9      | Killed Grum
 11115 | D:9      | Killed a two-headed ogre
 11116 | D:9      | Reached skill level 1 in Invocations
 11170 | D:9      | Found a sacrificial altar of Ru.
 11203 | D:9      | Noticed Erica
 11236 | D:9      | Killed Erica
 11766 | D:10     | Entered Level 10 of the Dungeon
 12179 | D:10     | Reached ***** piety under Okawaru
 12256 | D:10     | Found a staircase to the Orcish Mines.
 12541 | D:10     | Noticed an orc knight
 12542 | D:10     | Noticed an orc knight
 12565 | D:10     | Killed an orc knight
 12581 | D:9      | Demolished by an orc knight

Illustrated notes

Levels and vault maps discovered:
D:1:      mrwooster_arrival_statue_2, layout_loops_ring, serial_glass,
          glass_columns_b, glass_columns_b, basic_ecumenical_altar
D:2:      minmay_angry_zag, layout_basic, uniq_robin, uniq_crazy_yiuf_cottage
D:3:      layout_loops_ring, marbit_many_paths, mainiacjoe_overflow_brackets,
          ashenzari_conservatory_becter, uniq_terence, uniq_ijyb, uniq_sigmund,
          uniq_grinder
D:4:      layout_cave_pods, serial_bayou_crossing
D:5:      layout_loops_cross, old_standard_altar,
          nicolae_overflow_hidden_temple, minmay_misc_feat_plants, minivault_5,
          minmay_misc_feat_rugged, nicolae_sextant
D:6:      layout_layer_cave, ebering_ghost_inner_flame, serial_shops,
          nicolae_shop_stone, uniq_maggie, uniq_menkaure
D:7:      layout_loops_ring, grunt_gozag_breadcrumbs,
          mainiacjoe_overflow_cross_hatched,
          minmay_temple_entry_drinking_statues, minmay_misc_feat_four_crosses
D:8:      layout_loops_cross, uniq_psyche, uniq_amaemon, uniq_prince_ribbit1
D:9:      layout_rooms, kennysheep_little_box, minmay_lair_entry_grove,
          uniq_erica, uniq_pikel, uniq_grum
D:10:     layout_cave_pools, david_orc_5, minmay_orc_keep
Temple:   nicolae_temple_x_marks_the_god

Skill      XL: |  1  2  3  4  5  6  7  8  9 10 11 |
---------------+----------------------------------+-----
Fighting       | 4 5 6 7 10 11 | 11.3
Armour         | 4 5 6 7 9 10 | 10.7
Axes           | 3 4 6 7 8 11 13 14 | 14.3
Shields        | 4 5 7 |  7.7
Evocations     | 1 |  1.4
Spellcasting   | 1 2 |  2.0
Invocations    | 2 |  2.6
Dodging        | |  0.1

Action                   |  1- 3 |  4- 6 |  7- 9 | 10-12 || total
-------------------------+-------+-------+-------+-------++-------
Melee: War axe           |    69 |   101 |   236 |       ||   406
       Headbutt          |     8 |     9 |    42 |    49 ||   108
       Hand axe          |       |       |    56 |   257 ||   313
Invok: Heroism           |       |       |       |     1 ||     1
Evoke: Wand              |       |       |    30 |     6 ||    36
  Use: Scroll            |       |     3 |     7 |     3 ||    13
       Potion            |       |       |     6 |     3 ||     9
Armor: Scale mail        |    32 |    28 |    65 |       ||   125
       Skin              |       |       |    11 |       ||    11
       Swamp dragon scal |       |       |    53 |    56 ||   109
Dodge: Dodged            |    37 |    37 |   117 |   159 ||   350
       Repelled          |       |       |     4 |     6 ||    10
Block: Buckler           |    18 |    43 |    56 |    45 ||   162
       Reflection        |       |     1 |     4 |       ||     5

Table legend: (Time is in decaauts)
 A = Elapsed time spent in this place.
 B = Non-inter-level travel time spent in this place.
 C = Inter-level travel time spent in this place.
 D = Time resting spent in this place.
 E = Time spent auto-exploring this place.
 F = Levels seen in this place.
 G = Mean time per level.
                   A        B        C        D        E       F      G
               +--------+--------+--------+--------+--------+-----+--------+
         Total |  12571 |  11966 |    605 |   3777 |   6185 |  11 | 1142.8 |
       Dungeon |  12498 |  11901 |    597 |   3777 |   6128 |  10 | 1249.8 |
        Temple |     72 |     64 |      8 |      0 |     57 |   1 |   72.0 |
               +--------+--------+--------+--------+--------+-----+--------+

Top non-repeatable levels by time:
     D:8: 2570 daAuts
     D:7: 1588 daAuts
     D:2: 1453 daAuts
     D:5: 1403 daAuts
     D:6: 1353 daAuts
     D:9: 1258 daAuts
     D:3: 998 daAuts
     D:4: 841 daAuts
     D:1: 706 daAuts
    D:10: 324 daAuts
  Temple: 72 daAuts
